Map: Cyber Forest LE

Players

Lonk - Winner!

  • Race: Zerg Zerg
  • League: Diamond
  • Spawn Location: 11:00

Salicornia

  • Race: Protoss Protoss
  • League: Diamond
  • Spawn Location: 5:00

VOD

Have the link to the VOD?

Description

Time

  • Played on: June 16, 2019, 12:59 a.m.
  • Length: 16:32
Show
View Real Time Build Order
Export as new Build Order

Lonk Zerg - Winner!

Build Orders: Hatch First, Lurkers 

Get SALT Encoding   

  12  0:01  Drone  
  13  0:13  Overlord  
  13  0:17  Drone  
  14  0:31  Drone x2  
  17  0:35  Drone  
  17  0:54  Hatchery  
  17  0:57  Drone  
  17  0:59  Extractor  
  17  1:02  Drone  
  17  1:17  Spawning Pool  
  16  1:20  Drone  
  17  1:25  Drone  
  18  1:37  Drone  
  19  2:03  Metabolic Boost  
  19  2:05  Zergling x6, Queen  
  24  2:11  Queen  
  26  2:17  Overlord  
  26  2:26  Drone x2  
  28  2:36  Drone x2  
  30  2:45  Overlord  
  30  2:47  Drone  
  30  3:02  Drone, Baneling Nest  
  30  3:07  Drone  
  31  3:24  Zergling x6  
  31  3:26  Drone x3  
  31  3:27  Drone x2  
  39  3:29  Queen  
  41  3:45  Spore Crawler  
  40  4:00  Lair  
  40  4:01  Drone  
  41  4:05  Hatchery  
  40  4:10  Zergling x6  
  40  4:12  Overlord x2  
  43  4:24  Baneling x2  
  43  4:25  Baneling x4  
  43  4:31  Zergling x10  
  45  4:32  Zergling x2  
  49  4:39  Drone x3  
  52  4:47  Drone x3  
  55  5:12  Extractor, Drone x2  
  55  5:13  Hydralisk Den  
  55  5:15  Drone x4  
  55  5:18  Extractor  
  55  5:19  Overlord x2  
  55  5:20  Queen  
  60  5:22  Overlord  
  60  5:39  Drone x2  
  62  5:49  Grooved Spines  
  62  5:55  Drone x2  
  62  5:56  Extractor  
  63  5:59  Drone  
  63  6:00  Drone x4  
  67  6:11  Overlord x2  
  67  6:24  Drone x2, Lurker Den  
  68  6:29  Hydralisk  
  68  6:30  Hydralisk x3  
  76  6:39  Drone x4  
  81  6:40  Drone x4  
  81  6:41  Drone  
  81  6:44  Extractor  
  84  7:00  Muscular Augments  
  85  7:01  Drone x3  
  85  7:03  Overlord x2  
  85  7:08  Hydralisk x3  
  93  7:30  Hydralisk x3  
  93  7:31  Hydralisk x4  
  93  7:34  Hatchery  
  106  7:38  Overseer x2  
  106  7:39  Overseer x2  
  104  7:51  Baneling x2  
  104  7:52  Baneling x3  
  104  7:56  Zergling x10  
  104  7:57  Zergling x4  
  104  7:58  Zergling x2  
  112  8:04  Extractor, Drone x4  
  115  8:22  Evolution Chamber  
  115  8:24  Evolution Chamber  
  112  8:41  Hydralisk x3  
  112  8:42  Hydralisk x2  
  112  8:45  Overlord x3  
  122  8:50  Overlord x2  
  121  9:15  Lurker x4  
  121  9:16  Lurker x4  
  129  9:24  Drone x2  
  129  9:26  Drone x2  
  129  9:27  Drone x4  
  129  9:28  Queen  
  139  9:36  Zerg Missile Weapons Level 1  
  139  9:38  Zerg Ground Armor Level 1  
  137  9:57  Lurker x4  
  141  10:00  Zergling x10  
  141  10:01  Zergling x14  
  153  10:10  Extractor  
  153  10:12  Extractor  
  151  10:15  Overlord  
  151  10:16  Overlord x2  
  151  10:26  Hydralisk x4  
  103  10:58  Hydralisk x4  
  103  10:59  Hydralisk x5  
  103  11:03  Hydralisk x4  
  103  11:04  Hydralisk  
  107  11:06  Zergling x14  
  107  11:07  Zergling x2  
  118  11:17  Lurker x4  
  122  11:28  Lurker x3  
  122  11:31  Zergling x2  
  122  11:32  Zergling x10  
  123  11:53  Zergling x10  
  123  11:54  Zergling x12  
  129  11:55  Zergling x6  
  118  12:24  Lurker x4  
  118  12:25  Lurker x6  
  118  12:26  Lurker  
  118  12:27  Zergling x6  
  118  12:28  Zergling x16  
  139  12:43  Zergling x6  
  140  12:57  Hydralisk x5  
  150  13:06  Hydralisk x2  
  93  13:44  Hydralisk x2  
  93  13:45  Hydralisk x7  
  93  13:46  Hydralisk x6  
  59  14:28  Lurker x3  
  59  14:29  Lurker x5  
  59  14:31  Zergling x12  
  70  14:32  Zergling x14  
  70  14:33  Zergling x8  
  84  14:42  Lurker  
  85  14:54  Lurker  
  85  14:57  Zergling x12  
  85  14:58  Zergling x2  
  93  15:02  Queen  
  62  15:35  Zergling x4  
  62  15:36  Zergling x14  
  62  15:37  Zergling x12  
  62  15:38  Zergling x2  
  71  16:06  Hydralisk x5  
  71  16:07  Hydralisk x7  
Show
View Real Time Build Order
Export as new Build Order

Salicornia Protoss 

Build Orders: Zealot Archon 

Get SALT Encoding   

  1  0:00  Probe  
  12  0:05  Probe  
  14  0:15  Probe  
  15  0:30  Pylon  
  15  0:45  Assimilator  
  15  0:48  Probe  
  16  0:53  Gateway  
  16  1:00  Probe  
  17  1:05  Gateway  
  17  1:12  Probe  
  17  1:14  Pylon  
  18  1:25  Probe  
  19  1:37  Probe  
  20  1:41  Cybernetics Core  
  20  1:49  Probe  
  20  1:52  Zealot x2  
  25  2:01  Probe  
  26  2:13  Probe  
  27  2:19  Zealot x2  
  31  2:25  Pylon  
  31  2:34  Assimilator  
  31  2:46  Nexus  
  31  2:55  Zealot  
  33  2:58  Zealot  
  33  3:01  Warp Gate  
  35  3:09  Pylon  
  35  3:12  Probe  
  36  3:16  Stalker  
  36  3:20  Sentry  
  36  3:24  Probe  
  41  3:38  Pylon  
  41  3:40  Probe  
  42  3:47  Zealot  
  44  3:53  Probe  
  44  3:54  Zealot  
  47  4:07  Twilight Council  
  47  4:13  Pylon, Probe  
  47  4:15  Probe  
  49  4:22  Stalker  
  51  4:29  Stalker  
  53  4:34  Probe  
  54  4:42  Pylon, Probe  
  55  4:46  Probe  
  55  4:50  Dark Shrine  
  56  4:54  Probe  
  56  4:58  Probe  
  58  5:01  Gateway  
  58  5:07  Gateway  
  58  5:13  Assimilator  
  58  5:14  Assimilator  
  58  5:16  Probe  
  58  5:17  Probe  
  60  5:22  Stalker  
  60  5:27  Stalker  
  64  5:31  Probe  
  64  5:32  Probe  
  66  5:43  Probe  
  66  5:44  Probe  
  66  5:49  Pylon  
  68  5:53  Pylon  
  68  5:55  Probe  
  68  5:56  Probe  
  70  6:06  Stalker x3  
  70  6:08  Probe x2  
  78  6:19  Dark Templar  
  78  6:22  Pylon  
  80  6:29  Pylon, Dark Templar  
  80  6:30  Dark Templar x2  
  86  6:43  Robotics Facility  
  86  6:46  Dark Templar  
  88  6:48  Archon  
  88  6:49  Archon  
  88  6:53  Stalker x2  
  92  6:54  Sentry  
  94  7:02  Robotics Facility  
  94  7:14  Charge, Dark Templar x2  
  98  7:18  Zealot  
  98  7:22  Nexus  
  100  7:23  Pylon  
  100  7:31  Zealot  
  102  7:43  Archon  
  102  7:44  Dark Templar  
  104  7:45  Zealot x2  
  108  7:52  Immortal  
  108  7:54  Observer  
  113  8:09  Stalker x2  
  113  8:11  Zealot  
  119  8:16  Dark Templar  
  119  8:19  Assimilator x2  
  121  8:25  Robotics Bay  
  121  8:36  Pylon  
  121  8:37  Zealot x2  
  121  8:38  Pylon  
  125  8:45  Stalker  
  127  8:55  Stalker  
  129  9:04  Colossus, Stalker  
  129  9:05  Stalker  
  131  9:11  Stalker  
  139  9:21  Colossus  
  139  9:24  Dark Templar  
  141  9:37  Pylon  
  147  9:41  Probe x2  
  147  9:43  Probe  
  150  9:48  Colossus  
  156  10:02  Stalker  
  156  10:06  Dark Templar  
  160  10:21  Pylon  
  160  10:25  Pylon  
  160  10:30  Pylon  
  160  10:32  Colossus  
  160  10:34  Colossus  
  118  11:03  Stalker x2, Extended Thermal Lance  
  118  11:04  Stalker x2  
  116  11:13  Probe  
  117  11:21  Probe  
  117  11:22  Colossus  
  117  11:25  Colossus  
  130  11:36  Zealot x2  
  134  11:40  Zealot  
  134  11:42  Sentry  
  138  12:15  Colossus  
  144  12:32  Stalker  
  144  12:33  Colossus, Stalker x3  
  158  12:37  Probe  
  158  12:42  Pylon  
  159  12:50  Probe  
  158  12:58  Stalker  
  158  12:59  Stalker x2  
  158  13:00  Stalker  
  158  13:02  Probe  
  167  13:09  Colossus  
  173  13:14  Probe  
  158  13:33  Stalker x2  
  158  13:34  Stalker x2  
  92  14:03  Colossus x2  
  88  14:11  Zealot x3  
  88  14:12  Zealot  
  88  14:31  Zealot  
  88  14:32  Zealot  
  88  14:33  Zealot x2  
  96  14:49  Nexus  
  96  14:52  Probe x3  
  99  14:53  Pylon  
  99  14:57  Immortal x2  
  107  15:02  Pylon  
  107  15:03  Sentry x2  
  107  15:04  Sentry x2  
  107  15:05  Pylon  
  115  15:10  Gateway  
  115  15:12  Pylon  
  115  15:32  Zealot  
  115  15:33  Zealot x3  
  104  15:37  Observer x2  
  86  15:54  Stalker x4  
  62  16:05  Observer  
  62  16:06  Observer  
  64  16:13  Stalker  
Tags
 
Add a new tag
Caveats
  • Supply blocks, unpowered buildings, or Contaminate may cause inaccurate times.
  • Supply counts are checked every 10 seconds.